Map: 幽暗之塔

Players

FWHas (Has) - Winner!

  • Race: Protoss Protoss
  • League: Master

Fist

  • Race: Zerg Zerg
  • League: Diamond

Event: 2016 WCS Winter Challenger Taiwan

VOD

Have the link to the VOD?

Description

Time

  • Played on: Jan. 7, 2016, 7:40 a.m.
  • Length: 7:06

All games in this series

Show
View Real Time Build Order
Export as new Build Order

FWHas Protoss - Winner!

Build Orders: 1 Gate Expand 

Get SALT Encoding   

  12  0:01  Probe (Chrono Boost)  
  13  0:11  Probe (Chrono Boost)  
  14  0:18  Pylon  
  14  0:24  Probe (Chrono Boost)  
  15  0:37  Probe (Chrono Boost)  
  15  0:39  Gateway  
  16  0:47  Probe (Chrono Boost)  
  16  0:48  Assimilator  
  17  0:58  Probe (Chrono Boost)  
  18  1:08  Probe (Chrono Boost)  
  19  1:21  Nexus  
  19  1:31  Cybernetics Core  
  19  1:36  Zealot (Chrono Boost)  
  21  1:43  Pylon  
  21  1:46  Probe (Chrono Boost)  
  22  1:56  Assimilator  
  22  1:58  Probe (Chrono Boost)  
  23  2:09  Probe (Chrono Boost), Warp Gate (Chrono Boost)  
  23  2:11  Adept  
  26  2:21  Probe  
  27  2:33  Mothership Core  
  29  2:38  Adept  
  29  2:39  Probe  
  32  2:49  Probe  
  32  2:54  Probe  
  32  2:57  Gateway  
  32  2:58  Gateway  
  34  3:00  Probe  
  35  3:10  Probe  
  35  3:11  Probe  
  35  3:12  Pylon  
  37  3:20  Stalker (Chrono Boost)  
  37  3:22  Probe x2  
  41  3:31  Gateway  
  41  3:33  Probe  
  41  3:34  Probe  
  43  3:42  Gateway  
  43  3:43  Probe  
  43  3:46  Probe  
  45  3:55  Probe  
  46  3:58  Probe  
  47  4:04  Pylon, Adept x3  
  47  4:07  Probe  
  54  4:15  Twilight Council  
  54  4:22  Probe x2  
  54  4:23  Sentry  
  58  4:26  Sentry  
  58  4:30  Adept  
  60  4:34  Probe x2  
  58  4:44  Assimilator x2  
  58  4:45  Pylon  
  58  4:47  Probe, Pylon  
  58  4:51  Resonating Glaives (Chrono Boost)  
  59  4:53  Probe  
  59  4:58  Adept  
  62  5:04  Probe  
  62  5:05  Probe  
  64  5:09  Adept x3  
  64  5:10  Adept  
  72  5:16  Probe  
  72  5:17  Pylon  
  73  5:22  Sentry  
  73  5:27  Probe  
  76  5:29  Forge  
  76  5:31  Pylon, Adept  
  78  5:36  Adept x3  
  84  5:44  Pylon  
  82  6:08  Adept x5  
  82  6:11  Probe  
  93  6:13  Probe  
  93  6:14  Robotics Facility  
  88  6:43  Nexus  
  76  7:00  Adept  
  76  7:01  Adept x4  
  80  7:03  Pylon  
  80  7:06  Pylon  
Show
View Real Time Build Order
Export as new Build Order

Fist Zerg 

Build Orders: Pool First 

Get SALT Encoding   

  12  0:01  Drone  
  13  0:09  Drone  
  14  0:20  Overlord  
  14  0:33  Spawning Pool  
  13  0:36  Drone  
  13  0:40  Drone  
  15  0:43  Drone  
  17  0:50  Drone  
  17  1:10  Hatchery  
  16  1:17  Drone  
  17  1:20  Zergling x2  
  17  1:21  Zergling x2  
  19  1:28  Queen  
  21  1:38  Drone  
  22  1:40  Extractor  
  22  1:41  Overlord  
  21  1:55  Drone  
  22  2:04  Queen  
  24  2:08  Overlord  
  24  2:14  Drone  
  25  2:22  Queen  
  25  2:23  Drone  
  25  2:24  Drone  
  29  2:34  Drone x2  
  31  2:39  Drone  
  32  2:48  Drone x3  
  32  2:51  Metabolic Boost  
  35  2:53  Drone  
  35  2:58  Drone  
  37  3:02  Drone  
  38  3:15  Zergling x12  
  44  3:20  Overlord  
  44  3:37  Roach Warren  
  43  3:44  Zergling x16  
  51  3:55  Overlord  
  51  4:06  Overlord x3  
  51  4:09  Hatchery  
  48  4:23  Zergling x2  
  48  4:24  Zergling x10  
  51  4:34  Drone x4  
  51  4:40  Lair  
  51  4:50  Drone  
  51  4:51  Drone x3  
  55  4:54  Extractor  
  55  4:58  Evolution Chamber  
  53  5:04  Drone x7  
  53  5:05  Drone  
  61  5:20  Extractor  
  60  5:26  Drone x2  
  60  5:27  Drone x3  
  64  5:36  Drone x5  
  64  5:37  Drone x2, Queen  
  64  5:39  Glial Reconstitution  
  73  5:43  Overseer  
  73  5:46  Roach x2  
  73  6:04  Roach x4  
  75  6:11  Zergling x2  
  75  6:12  Zergling x12  
  68  6:33  Zergling x10  
Tags
 
Add a new tag
Caveats
  • Supply blocks, unpowered buildings, or Contaminate may cause inaccurate times.
  • Supply counts are checked every 10 seconds.